 Dungeon Crawl Stone Soup version 0.29-a0-284-gf9362112df (webtiles) character file.

Game seed: 11445040325158108484

154 Krypt the Magician (level 5, 0/37 HPs)
             Began as a Gnoll Hedge Wizard on Mar 16, 2022.
             Slain by an adder (4 damage)
             ... on level 2 of the Dungeon.
             The game lasted 00:09:20 (4270 turns).

Krypt the Magician (Gnoll Hedge Wizard)             Turns: 4270, Time: 00:09:21

Health: 0/37       AC:  5    Str:  9    XL:     5   Next: 35%
Magic:  0/14       EV: 13    Int: 16    God:
Gold:   61         SH:  0    Dex: 11    Spells: 4/18 levels left

rFire   . . .      SeeInvis .   a - +0 dagger
rCold   . . .      Faith    .   f - orb {*channel}
rNeg    . . .      Spirit   .   b - +0 robe
rPois   .          Reflect  .   l - +0 helmet
rElec   .          Harm     .   (no cloak)
rCorr   .          Rampage  .   (no gloves)
Will    +....                   j - +1 pair of boots
Stlth   ++........              (no amulet)
HPRegen 0.12/turn               k - ring of willpower
MPRegen 0.14/turn               (no ring)

@: no status effects
A: fangs 1, strong nose, distributed training
a: no special abilities


You were on level 2 of the Dungeon.
You visited 1 branch of the dungeon, and saw 3 of its levels.

You collected 61 gold pieces.

Inventory:

Hand Weapons
 a - a +0 dagger (weapon)
Missiles
 m - 2 curare-tipped darts
Armour
 b - a +0 robe (worn)
 c - a +0 hat
 f - an orb of energy (worn)
 g - a +0 chain mail
 i - a +2 kite shield
 j - a +1 pair of boots (worn)
 l - a +0 helmet (worn)
Jewellery
 k - a ring of willpower (left hand)
Scrolls
 n - a scroll of blinking {unknown}
Potions
 d - a potion of magic
 e - a potion of haste
 h - a potion of degeneration {unknown}


   Skills:
 + Level 1.4 Fighting
 + Level 1.4 Short Blades
 + Level 1.4 Long Blades
 + Level 1.4 Axes
 + Level 1.4 Maces & Flails
 + Level 1.4 Polearms
 + Level 1.4 Staves
 + Level 1.4 Slings
 + Level 1.4 Bows
 + Level 1.4 Crossbows
 + Level 1.4 Throwing
 + Level 1.4 Armour
 + Level 4.8 Dodging
 + Level 4.4 Stealth
 + Level 1.4 Shields
 + Level 1.4 Unarmed Combat
 + Level 7.3 Spellcasting
 + Level 2.4 Conjurations
 + Level 1.1 Hexes
 + Level 2.4 Summonings
 + Level 1.1 Necromancy
 + Level 2.4 Translocations
 + Level 1.1 Transmutations
 + Level 1.1 Fire Magic
 + Level 1.1 Ice Magic
 + Level 1.1 Air Magic
 + Level 1.1 Earth Magic
 + Level 1.1 Poison Magic
 + Level 1.6 Invocations
 + Level 1.4 Evocations


You had 4 spell levels left.
You knew the following spells:

 Your Spells              Type           Power      Damage    Failure   Level
a - Magic Dart            Conj           52%        1d5       4%          1
b - Call Imp              Summ           13%        N/A       7%          2
c - Blink                 Tloc           26%        N/A       7%          2
d - Conjure Flame         Conj/Fire      11%        6-21      17%         3
e - Mephitic Cloud        Conj/Pois/Air  10%        N/A       19%         3
f - Pain                  Necr           36%        1d5       8%          1
g - Ensorcelled Hibernat  Hex/Ice        18%        N/A       11%         2

Your spell library contained the following spells:

 Spells                   Type           Power      Damage    Failure   Level
 Animate Skeleton         Necr           18%        N/A       8%          1
 Slow                     Hex            36%        N/A       8%          1
 Passwall                 Tmut/Erth      7%         N/A       11%         2
 Swiftness                Air            9%         N/A       22%         3
 Vampiric Draining        Necr           9%         2d6       22%         3


Dungeon Overview and Level Annotations

Branches:
Dungeon (3/15)

Altars:


Innate Abilities, Weirdness & Mutations

You have very sharp teeth.
Your uncanny sense of smell can sniff out nearby items.
Your experience applies equally to all skills.


Message History

You closely miss something. Something hits you.
You barely miss something. Your bite misses something. Something hits you.
* * * LOW HITPOINT WARNING * * *
Your crimson imp disappears in a puff of smoke!
You hear some strange, mumbled words.
A magic dart appears from out of thin air!
The magic dart hits you.
* * * LOW HITPOINT WARNING * * *
Reactivating autopickup.
You feel a bit more experienced.
Your magical contamination has completely faded away.
Are you sure you want to abandon this character and quit the game? (Confirm with "yes".)
Okay, then.
The adder bites you.
* * * LOW HITPOINT WARNING * * *
You are poisoned.
The adder poisons you!
You feel sick. The adder misses you.
You feel sick. The adder bites you but does no damage.
There is a stone staircase leading up here.
You feel sick. The adder bites you but does no damage.
You climb upwards.
You feel sick.
You are no longer poisoned.
There is a stone staircase leading down here.
You hit the adder but do no damage. The adder bites you but does no damage.
Casting: Call Imp (safe; 7% risk of failure)
Press: ? - help, Q - select action, (/) - cycle Dir - look around, f - activate A beastly little devil appears in a puff of flame.
The adder bites you but does no damage.
Aiming: Magic Dart (safe; 4% risk of failure)
Press: ? - help, Q - select action, (/) - cycle Shift-Dir - straight line, f - adder
Aim: an adder (ally target, 100% to hit)
The magic dart hits the adder.
The adder is moderately wounded.
The adder barely misses you. The adder bites you but does no damage.
Your crimson imp hits the adder.
You hit the adder but do no damage. Your bite misses the adder.
The adder is moderately wounded.
The adder bites you.
You die...

##............##................#
##.............#................#
##.............#......###########
##....................#
##...)........#.......#
##............#..#'#########
##............#.5#.# #.....# #
##............#.S#.# #.....# #
..............##@#.# #.....# #
..............####.# #.....# #
..............# #.# #.....# #
.........<....# #.###....)# #
.#............# #.#.[.....# #
.#.###...###### #.#.#.....# #
.#.# #...# #.#.#.##### # .#.#
#...# #.#.#.# # ##.# #...#
#.#.#.# #


You could see an adder (ally target) and a friendly crimson imp (summoned).

Vanquished Creatures
  2 orc wizards
  2 gnolls (D:2)
  2 orcs (D:3)
  4 ball pythons
  2 goblins (D:2)
  4 hobgoblins
  3 jackals (D:2)
  3 kobolds
  3 bats (D:2)
  3 rats
28 creatures vanquished.

Vanquished Creatures (collateral kills)
  4 gnolls (D:2)
  An adder (D:2)
  3 endoplasms
  A hobgoblin (D:1)
9 creatures vanquished.

Grand Total: 37 creatures vanquished

Notes
Turn   | Place    | Note
-------+----------+-------------------------------------------
     0 | D:1      | Krypt the Gnoll Hedge Wizard began the quest for the Orb.
     0 | D:1      | Reached XP level 1. HP: 13/13 MP: 8/8
   354 | D:1      | Reached XP level 2. HP: 19/19 MP: 3/10
   610 | D:1      | Learned a level 2 spell: Call Imp
   613 | D:1      | Learned a level 2 spell: Blink
  1015 | D:1      | Found a faded altar of an unknown god.
  1232 | D:2      | Reached XP level 3. HP: 25/25 MP: 5/11
  1397 | D:2      | Reached skill level 1 in Invocations
  1421 | D:2      | Reached skill level 1 in Fighting
  1421 | D:2      | Reached skill level 1 in Short Blades
  1421 | D:2      | Reached skill level 1 in Long Blades
  1421 | D:2      | Reached skill level 1 in Axes
  1421 | D:2      | Reached skill level 1 in Maces & Flails
  1421 | D:2      | Reached skill level 1 in Polearms
  1421 | D:2      | Reached skill level 1 in Staves
  1421 | D:2      | Reached skill level 1 in Slings
  1421 | D:2      | Reached skill level 1 in Bows
  1421 | D:2      | Reached skill level 1 in Crossbows
  1421 | D:2      | Reached skill level 1 in Throwing
  1421 | D:2      | Reached skill level 1 in Armour
  1421 | D:2      | Reached skill level 1 in Shields
  1421 | D:2      | Reached skill level 1 in Unarmed Combat
  1421 | D:2      | Reached skill level 1 in Evocations
  1421 | D:2      | Reached XP level 4. HP: 28/32 MP: 4/13
  2404 | D:2      | Learned a level 3 spell: Conjure Flame
  2408 | D:2      | Learned a level 3 spell: Mephitic Cloud
  2989 | D:2      | Learned a level 1 spell: Pain
  2992 | D:2      | Learned a level 2 spell: Ensorcelled Hibernation
  3762 | D:2      | Reached skill level 1 in Hexes
  3762 | D:2      | Reached skill level 1 in Necromancy
  3762 | D:2      | Reached skill level 1 in Transmutations
  3762 | D:2      | Reached skill level 1 in Fire Magic
  3762 | D:2      | Reached skill level 1 in Ice Magic
  3762 | D:2      | Reached skill level 1 in Air Magic
  3762 | D:2      | Reached skill level 1 in Earth Magic
  3762 | D:2      | Reached skill level 1 in Poison Magic
  4191 | D:2      | Reached XP level 5. HP: 36/37 MP: 7/14
  4270 | D:2      | Slain by an adder

Illustrated notes

Levels and vault maps discovered:
D:1:      dpeg_arrival_windows_large_door, layout_loops_ring,
          dreamdust_ecumenical_altar_angels_and_demons, serial_park_tiny_1
D:2:      layout_basic
D:3:      layout_rooms, minmay_shallow_snake_nest

Skill      XL: |  1  2  3  4 |
---------------+-------------+-----
Conjurations   | 2 |  2.4
Summonings     | 2 |  2.4
Translocations | 2 |  2.4
Invocations    | 1 |  1.6
Fighting       | 1 |  1.4
Short Blades   | 1 |  1.4
Long Blades    | 1 |  1.4
Axes           | 1 |  1.4
Maces & Flails | 1 |  1.4
Polearms       | 1 |  1.4
Staves         | 1 |  1.4
Slings         | 1 |  1.4
Bows           | 1 |  1.4
Crossbows      | 1 |  1.4
Throwing       | 1 |  1.4
Armour         | 1 |  1.4
Shields        | 1 |  1.4
Unarmed Combat | 1 |  1.4
Evocations     | 1 |  1.4
Hexes          | 1 |  1.1
Necromancy     | 1 |  1.1
Transmutations | 1 |  1.1
Fire Magic     | 1 |  1.1
Ice Magic      | 1 |  1.1
Air Magic      | 1 |  1.1
Earth Magic    | 1 |  1.1
Poison Magic   | 1 |  1.1
Dodging        | |  4.8
Stealth        | |  4.4
Spellcasting   | |  7.3

Action                   |  1- 3 |  4- 6 || total
-------------------------+-------+-------++-------
Melee: Dagger            |     1 |    21 ||    22
       Bite              |       |     2 ||     2
Throw: Dart              |       |     2 ||     2
 Cast: Magic Dart        |    52 |    18 ||    70
       Call Imp          |     4 |     4 ||     8
       Blink             |     1 |     1 ||     2
       Pain              |       |     7 ||     7
       Ensorcelled Hiber |       |     6 ||     6
       Conjure Flame     |       |     1 ||     1
  Use: Scroll            |       |     4 ||     4
 Stab: Sleeping          |       |     3 ||     3
Armor: Robe              |     1 |    10 ||    11
Dodge: Dodged            |     5 |    24 ||    29

Table legend: (Time is in decaauts)
 A = Elapsed time spent in this place.
 B = Non-inter-level travel time spent in this place.
 C = Inter-level travel time spent in this place.
 D = Time resting spent in this place.
 E = Time spent auto-exploring this place.
 F = Levels seen in this place.
 G = Mean time per level.
                   A        B        C        D        E       F      G
               +--------+--------+--------+--------+--------+-----+--------+
         Total |   4275 |   4190 |     85 |   2502 |   1094 |   3 | 1425.0 |
       Dungeon |   4275 |   4190 |     85 |   2502 |   1094 |   3 | 1425.0 |
               +--------+--------+--------+--------+--------+-----+--------+

Top non-repeatable levels by time:
     D:2: 3136 daAuts
     D:1: 1106 daAuts
     D:3: 32 daAuts
